 Dungeon Crawl Stone Soup version 0.17-a0-1174-ge06b3cc (webtiles) character file.

112 zuul91 the Magician (level 4, -6/24 HPs)
             Began as a Deep Elf Fire Elementalist on May 29, 2015.
             Killed by nerve-wracking pain
             ... invoked by an orc priest
              (12 damage)
             ... on level 3 of the Dungeon.
             The game lasted 00:30:20 (2363 turns).

zuul91 the Magician (Deep Elf Fire Elementalist)    Turns: 2363, Time: 00:30:21

Health: -6/24      AC:  5    Str:  6    XL:     4   Next: 63%
Magic:  9/12       EV: 12    Int: 20    God:
Gold:   143        SH:  0    Dex: 15    Spells: 3 memorised, 5 levels left

rFire  . . .     SeeInvis .     x - +1 long sword
rCold  . . .     Clarity  .     w - +0 leather armour
rNeg   . . .     SustAt   .     (no shield)
rPois  .         Gourm    .     h - +0 helmet
rElec  .         Spirit   .     (no cloak)
rCorr  .         Warding  .     (no gloves)
rMut   .         Stasis   .     p - +0 pair of boots
MR     .....                    (no amulet)
Stlth  ++........               (no ring)
                                (no ring)

@: not resistant to hostile enchantments, unstealthy
A: no striking features
a: no special abilities


You were on level 3 of the Dungeon.
You were not hungry.

You visited 1 branch of the dungeon, and saw 4 of its levels.

You collected 143 gold pieces.

Inventory:

Hand weapons
 d - a +0 club
 f - a +0 mace
 n - a +0 short sword
 q - a +0 falchion
 x - a +1 long sword (weapon)
 A - a +0 arbalest
Missiles
 i - 84 stones (quivered)
 t - 23 bolts
Armour
 a - a +0 robe
 e - a +0 ring mail
 h - a +0 helmet (worn)
 p - a +0 pair of boots (worn)
 w - a +0 leather armour (worn)
Magical staves
 r - an uncursed staff of death {unknown}
Jewellery
 g - a cursed ring of teleportation {unknown}
 v - a +4 ring of evasion {unknown}
Magical devices
 z - a wand of cold (2)
Scrolls
 m - 2 scrolls of remove curse
 s - a scroll of fog
Potions
 j - a potion of flight {unknown}
 k - a potion of magic {unknown}
 l - a potion of brilliance {unknown}
 o - a potion of curing {unknown}
 u - a potion of agility {unknown}
Books
 b - a book of Flames

   Spells                             Type                      Level
   a - Flame Tongue                   Conjuration/Fire             1
   b - Throw Flame                    Conjuration/Fire             2
   c - Conjure Flame                  Conjuration/Fire             3
   d - Inner Flame                    Hexes/Fire                   3
   e - Sticky Flame                   Conjuration/Fire             4
   f - Fireball                       Conjuration/Fire             5
 y - a book of Ice

   Spells                             Type                      Level
   a - Ice Form                       Ice/Transmutation            4
   b - Metabolic Englaciation         Hexes/Ice                    5
   c - Ozocubu's Refrigeration        Ice                          6
   d - Bolt of Cold                   Conjuration/Ice              6
   e - Freezing Cloud                 Conjuration/Ice/Air          6
   f - Simulacrum                     Ice/Necromancy               6
Comestibles
 c - 2 bread rations


   Skills:
 + Level 1.2 Throwing
 + Level 0.1 Armour
 + Level 2.8 Dodging
 + Level 2.6 Stealth
 + Level 4.3 Spellcasting
 + Level 2.3 Conjurations
 + Level 4.1 Fire Magic
 + Level 0.2 Evocations


You had 5 spell levels left.
You knew the following spells:

 Your Spells              Type           Power        Failure   Level  Hunger
a - Flame Tongue          Conj/Fire      ###..        8%          1    None
b - Throw Flame           Conj/Fire      ###...       10%         2    #......
c - Inner Flame           Hex/Fire       ##......     28%         3    ###....


Dungeon Overview and Level Annotations

Branches:
Dungeon (4/15)
 Temple: D:4-7

Altars:
Makhleb
Zin

Shops:
D:4 *


Message History

There is an escape hatch in the ceiling here.
You can't go down here!
A mysterious force pulls you upwards. The hatch slams shut behind you.
The orc priest mumbles some strange prayers to Beogh against you.
Pain shoots through your body!
Casting: Throw Flame
Confirm with . or Enter, or press ? or * to list all spells.
Aiming: Inner Flame
Press: ? - help, Shift-Dir - straight line, f - orc priest
Aim: an orc priest (chance to defeat MR: 64%)
The orc priest is filled with an inner flame.
The orc priest invokes the aid of Beogh against you.
Pain shoots through your body!
* * * LOW HITPOINT WARNING * * *
As you read the scroll of fog, it crumbles to dust.
The scroll dissolves into smoke.
The orc priest invokes the aid of Beogh against you.
Pain shoots through your body!
Ouch! That really hurt!
You die...

o. .#### . ..
##.#.# . #o##o
##....# ..
.#.o.##.....##
.).
..o.#..§§.§§#
..#. ....§o@##
#####.§§§§#
.....###.#
.....# ...
##...# .#####
...#.. .. ..#
##...# ## #.#
##.## #.# #.#
########.


You could see an orc priest (inner flame) and an orc.

Vanquished Creatures
  A hound (D:4)
  An orc priest (D:4)
  2 worms (D:2)
  An adder skeleton (D:4)
  An orc (D:4)
  4 giant cockroaches
  3 goblins
  4 hobgoblins
  A jackal (D:3)
  5 bats
  3 giant newts
  11 kobolds
  2 rats
39 creatures vanquished.

Notes
Turn   | Place    | Note
--------------------------------------------------------------
     0 | D:1      | zuul91 the Deep Elf Fire Elementalist began the quest for the Orb.
     0 | D:1      | Reached XP level 1. HP: 10/10 MP: 6/6
   225 | D:1      | Reached XP level 2. HP: 15/15 MP: 2/8
   283 | D:1      | Learned a level 2 spell: Throw Flame
  1122 | D:2      | Found a burning altar of Makhleb.
  1174 | D:2      | Found a glowing silver altar of Zin.
  1177 | D:2      | Noticed an angel
  1179 | D:2      | Reached XP level 3. HP: 19/19 MP: 7/9
  1182 | D:2      | Noticed an Executioner
  1217 | D:2      | Reached skill level 4 in Fire Magic
  1831 | D:4      | Reached skill level 1 in Throwing
  1831 | D:4      | Reached XP level 4. HP: 12/24 MP: 6/11
  2045 | D:4      | Learned a level 3 spell: Inner Flame
  2292 | D:4      | Found Canlue's Elemental Accessories.
  2363 | D:3      | Killed from afar by an orc priest

Vault maps used:
D:1:      shiori_arrival_maze
D:2:      grunt_temple_overflow_order_and_chaos_2, first_bread
D:3:      gammafunk_temple_overflow_pools, minmay_distorted, uniq_iyjb
D:4:      nicolae_elemental_shop

Action                   |  1- 3 |  4- 6 || total
-------------------------+-------+-------++-------
Melee: Unarmed           |    13 |       ||    13
Throw: Javelin           |    18 |     2 ||    20
       Stone             |     1 |       ||     1
 Cast: Flame Tongue      |    37 |     3 ||    40
       Throw Flame       |    14 |     7 ||    21
       Inner Flame       |       |     2 ||     2
Evoke: Wand              |     1 |     1 ||     2
  Use: Scroll            |     8 |     1 ||     9
  Eat: Bread ration      |     1 |     1 ||     2
